 Dungeon Crawl Stone Soup version 0.32-a0-468-g38b2580584 (webtiles) character file.

Game seed: 4356466731059268049

227 promet the Magician (level 6, -1/39 HPs)
             Began as an Octopode Hedge Wizard on Feb 24, 2024.
             Slain by a quasit (2 damage)
             ... while paralysed
             ... in a sewer on Feb 25, 2024.
             The game lasted 00:22:44 (4930 turns).

promet the Magician (Octopode Hedge Wizard)         Turns: 4930, Time: 00:22:44

Health: -1/39      AC:  1    Str: 10    XL:     6   Next: 2%
Magic:  10/12      EV:  2    Int: 18    God:
Gold:   225        SH:  0    Dex: -5 (11) Spells: 8/14 levels left

rFire   . . .        a - +0 dagger (venom)
rCold   . . .        (no shield)
rNeg    . . .        b - +0 hat
rPois   .            (no amulet)
rElec   .            (no ring)
rCorr   .            (no ring)
SInv    .            (no ring)
Will    .....        (no ring) Stlth
                     (no ring)
HPRegen 0.26/turn    (no ring)
MPRegen 0.13/turn    (no ring)
                     (no ring)

%: no passive effects
@: paralysed, slowed, lost dexterity
A: almost no armour, amphibious, 8 rings, camouflage 1, gelatinous body 1,
(nimble swimmer 1), tentacles
a: no special abilities


You were in a sewer.
You visited 1 branch of the dungeon, and saw 4 of its levels.
You also visited: Sewer.

You collected 225 gold pieces.

Inventory:

Hand Weapons
 a - a +0 dagger of venom (weapon)
 c - a +0 halberd
 d - a +0 trident
 m - a +1 broad axe
Missiles
 h - 39 stones (quivered)
Armour
 b - a +0 hat (worn)
Jewellery
 f - a ring of ice
 g - an amulet of guardian spirit
Scrolls
 j - 2 scrolls of identify {unknown}
Potions
 e - a potion of ambrosia
 i - a potion of curing {unknown}
 l - a potion of resistance {unknown}


   Skills:
 * Level 1.8 Fighting
 + Level 0.1 Short Blades
 * Level 2.2 Polearms
 + Level 0.5 Throwing
 + Level 2.2 Dodging
 + Level 3.5 Stealth
 * Level 4.6 Spellcasting
 + Level 1.2 Conjurations
 + Level 0.1 Hexes
 + Level 1.1 Summonings
 + Level 1.0 Translocations


You had 8 spell levels left.
You knew the following spells:

 Your Spells              Type           Power      Damage    Failure   Level
a - Magic Dart            Conj           32%        1d4       9%          1
b - Slow                  Hex            16%        N/A       13%         1
c - Blink                 Tloc           16%        N/A       14%         2
d - Call Imp              Summ           16%        N/A       13%         2

Your spell library contained the following spells:

 Spells                   Type           Power      Damage    Failure   Level
 Ensorcelled Hibernation  Hex/Ice        8%         N/A       21%         2
 Cigotuvi's Dreadful Rot  Necr/Alch/Air  8%         N/A       22%         2
 Mephitic Cloud           Conj/Alch/Air  5%         N/A       34%         3
 Passwall                 Erth           4%         N/A       38%         3
 Swiftness                Air            4%         N/A       38%         3


Dungeon Overview and Level Annotations

Branches:
Dungeon (4/15)              Sewer (1/1)
 Temple: D:4-7

Altars:

Annotations:
D:4 Duvessa


Innate Abilities, Weirdness & Mutations

You cannot wear most types of armour.
You are amphibious.
You can wear up to eight rings at the same time.
Your skin changes colour to match your surroundings (Stealth+).
Your rubbery body absorbs attacks. (AC +1, EV +1)
((You are camouflaged when in or above water. (Stealth+)))
You have tentacles for arms and can constrict up to eight enemies at once.


Message History

Your cerulean imp hits the quasit but does no damage.
You closely miss the quasit. Your grab misses the quasit.
The quasit is lightly wounded.
The quasit misses you. x3
Your cerulean imp closely misses the quasit.
You barely miss the quasit. Your grab misses the quasit.
The quasit is lightly wounded.
The quasit bites you. The quasit claws you.
* * * LOW HITPOINT WARNING * * *
You feel clumsy.
You have lost your dexterity.
The quasit claws you.
* * * LOW HITPOINT WARNING * * *
You feel clumsy.
Your cerulean imp hits the quasit but does no damage.
Your cerulean imp disappears in a puff of smoke!
The quasit bites you.
* * * LOW HITPOINT WARNING * * *
You feel clumsy. The quasit claws you.
* * * LOW HITPOINT WARNING * * *
The quasit claws you.
* * * LOW HITPOINT WARNING * * *
You feel clumsy. The quasit bites you.
* * * LOW HITPOINT WARNING * * *
The quasit claws you.
* * * LOW HITPOINT WARNING * * *
The quasit claws you but does no damage.
The quasit bites you.
* * * LOW HITPOINT WARNING * * *
You feel clumsy. The quasit claws you.
* * * LOW HITPOINT WARNING * * *
The quasit claws you.
* * * LOW HITPOINT WARNING * * *
You feel clumsy. The quasit completely misses you.
The quasit claws you but does no damage.
The quasit claws you.
You die...

.)............≈≈≈≈...'.§._...'..
.#.............≈~#...#.....§.'..
####~##~##~###.####.###..§...#≈≈
~~≈~≈≈≈)≈≈≈~≈~...#.~≈##.....####
~≈≈≈≈≈≈≈≈≈≈≈≈~~..#..≈###'''##
≈~≈≈≈≈≈≈≈≈≈≈≈)≈..#.~~# ~...~#
~≈≈≈≈≈≈≈≈≈≈≈≈≈~~.#..≈# ≈...~#
≈≈≈≈≈≈≈≈≈≈≈≈≈≈≈..#.~~# ...~#
≈≈≈≈≈≈≈≈≈≈≈≈≈≈)~@5K.≈#
######################


You could see a kobold brigand and a quasit.

Vanquished Creatures
  Dowan (D:4)
  4 gnolls (D:3)
  A shadow imp (Sewer)
  2 dart slugs
  A ribbon worm (D:2)
  5 endoplasms
  3 giant cockroaches
  4 goblins
  8 hobgoblins
  3 jackals (D:3)
  7 kobolds
  3 quokkas
  2 ball pythons (D:3)
  8 bats
  4 frilled lizards
  8 rats
64 creatures vanquished.

Vanquished Creatures (collateral kills)
  A scorpion (D:4)
  A giant cockroach (Sewer)
  6 kobolds (Sewer)
8 creatures vanquished.

Vanquished Creatures (others)
  2 bat zombies (Sewer)
2 creatures vanquished.

Grand Total: 74 creatures vanquished

Notes
Turn   | Place    | Note
-------+----------+-------------------------------------------
     0 | D:1      | promet the Octopode Hedge Wizard began the quest for the
                  | Orb.
     0 | D:1      | Reached XP level 1. HP: 11/11 MP: 4/4
   338 | D:1      | Reached XP level 2. HP: 18/18 MP: 4/6
   340 | D:1      | Learned a level 1 spell: Slow
   343 | D:1      | Learned a level 2 spell: Blink
   346 | D:1      | Learned a level 2 spell: Call Imp
  1458 | D:2      | Reached XP level 3. HP: 22/22 MP: 8/8
  2523 | D:3      | Reached skill level 1 in Fighting
  2523 | D:3      | Reached XP level 4. HP: 17/28 MP: 1/9
  2625 | D:3      | Reached skill level 4 in Spellcasting
  3615 | D:4      | Noticed a scorpion
  3623 | D:4      | Killed a scorpion
  3624 | D:4      | Reached skill level 1 in Polearms
  3624 | D:4      | Reached XP level 5. HP: 33/33 MP: 6/11
  3720 | D:4      | Noticed Dowan
  3725 | D:4      | Noticed Duvessa
  3753 | D:4      | Killed Dowan
  4021 | D:4      | Found a glowing drain.
  4048 | Sewer    | Entered a sewer
  4526 | Sewer    | Found a burning altar of Makhleb.
  4526 | Sewer    | Noticed a kobold brigand
  4672 | Sewer    | Reached XP level 6. HP: 39/39 MP: 10/12
  4927 | Sewer    | Lost dexterity.
  4929 | Sewer    | HP: 1/39 [quasit (1)]
  4930 | Sewer    | Slain by a quasit

Illustrated notes

Levels and vault maps discovered:
D:1:      dpeg_arrival_arbitrary_b, layout_rooms, serial_co_window_serial,
          co_window_of_opportunity_a, co_window_cross_1, co_window_paths_a,
          co_window_paths_a, co_window_paths_a, co_window_corner_a,
          co_window_broadway_a, co_window_unsneaky_path_a, co_window_cross_2,
          co_window_broadway_b, co_window_of_opportunity_b, co_window_corner_cb,
          glass_columns_c, glass_columns_a, corexii_corridor_pit
D:2:      layout_basic
D:3:      layout_rooms, uniq_crazy_yiuf_cottage
D:4:      layout_basic, portal_sewer_entry_f, nicolae_kite_square_tiling_tiny,
          uniq_blork_the_orc, uniq_duvessa, uniq_natasha
Sewer:    kennysheep_sewer_church

Skill      XL: |  1  2  3  4  5 |
---------------+----------------+-----
Stealth        | 3 |  3.5
Fighting       | 1 |  1.8
Spellcasting   | 4 |  4.6
Polearms       | 1 2 |  2.2
Short Blades   | |  0.1
Throwing       | |  0.5
Dodging        | |  2.2
Conjurations   | |  1.2
Hexes          | |  0.1
Summonings     | |  1.1
Translocations | |  1.0

Action                     |  1- 3 |  4- 6 || total
---------------------------+-------+-------++-------
  Melee: Dagger            |    35 |     8 ||    43
         Constrict         |    13 |    11 ||    24
         Tentacles         |     9 |     8 ||    17
         Halberd           |       |    63 ||    63
         Broad axe         |       |     2 ||     2
  Throw: Stone             |     6 |       ||     6
   Cast: Magic Dart        |    25 |    21 ||    46
         Call Imp          |     3 |    16 ||    19
         Blink             |     1 |     1 ||     2
         Slow              |     1 |     2 ||     3
    Use: Scroll            |     2 |     4 ||     6
         Potion            |     1 |     1 ||     2
   Stab: Sleeping          |     5 |     6 ||    11
         Distracted        |       |     2 ||     2
 Armour: Skin              |    18 |    67 ||    85
  Dodge: Dodged            |    20 |    88 ||   108

Table legend: (Time is in decaauts)
 A = Elapsed time spent in this place.
 B = Non-inter-level travel time spent in this place.
 C = Inter-level travel time spent in this place.
 D = Time resting spent in this place.
 E = Time spent auto-exploring this place.
 F = Levels seen in this place.
 G = Mean time per level.
                   A        B        C        D        E       F      G
               +--------+--------+--------+--------+--------+-----+--------+
         Total |   4958 |   4840 |    118 |   1495 |   1636 |   5 |  991.6 |
       Dungeon |   4068 |   3950 |    118 |   1357 |   1636 |   4 | 1017.0 |
         Sewer |    889 |    889 |      0 |    138 |      0 |   1 |  889.0 |
               +--------+--------+--------+--------+--------+-----+--------+

Top non-repeatable levels by time:
     D:2: 1434 daAuts
     D:3: 1311 daAuts
     D:1: 993 daAuts
   Sewer: 889 daAuts
     D:4: 329 daAuts
